 Dungeon Crawl Stone Soup version 0.30-a0-1042-gacf32f4bd3 (webtiles) character file.

Game seed: 5204804131891899990

10731 Kenran the Carver (level 11, -18/90 HPs)
             Began as a Merfolk Fighter on Apr 9, 2023.
             Was an Initiate of Gozag.
             Demolished by a sun demon (19 damage)
             ... in a volcano.
             The game lasted 00:21:06 (9730 turns).

Kenran the Carver (Merfolk Fighter)                 Turns: 9730, Time: 00:21:06

Health: -18/90     AC: 11    Str: 20    XL:     11   Next: 66%
Magic:  11/11      EV: 14    Int:  7    God:    Gozag
Gold:   1831       SH:  5    Dex: 15    Spells: 10/10 levels left

rFire   . . .      SeeInvis .    a - +7 Throatcutter {drain, coup de grace}
rCold   . . .      Faith    .    c - +0 buckler
rNeg    + . .      Spirit   .    b - +0 scale mail
rPois   +          Reflect  .    y - +2 helmet
rElec   .          Rampage  .    (no cloak)
rCorr   .                        (no gloves)
Will    .....                    r - +0 pair of boots Stlth
                                 I - amulet of regeneration
HPRegen 1.15/turn                N - ring of poison resistance
MPRegen 0.12/turn                h - ring of positive energy

@: no status effects
A: (nimble swimmer 2), mertail
a: Renounce Religion, Potion Petition, Call Merchant, Bribe Branch


You were in a volcano.
You worshipped Gozag.
Gozag was most pleased with you.
You visited 3 branches of the dungeon, and saw 11 of its levels.
You also visited: Volcano.

You collected 1851 gold pieces.
You paid 20 gold pieces to Gozag.

Inventory:

Hand Weapons
 a - the +7 Throatcutter (weapon) {drain, coup de grace}
   (You took it off Terence on level 3 of the Dungeon)
 p - a +1 short sword of flaming
 J - the +7 long sword of Doasus {distort, Drain Dex+5}
   (You found it on level 8 of the Dungeon)

   Dex:       It affects your dexterity (+5).
   Drain:     It drains your maximum health when unequipped.
 O - the +6 scimitar "Ladu" {heavy, Int+3}
   (You found it on level 1 of the Lair of Beasts)

   Int:       It affects your intelligence (+3).
Missiles
 A - a throwing net (quivered)
Armour
 b - a +0 scale mail (worn)
 c - a +0 buckler (worn)
 r - a +0 pair of boots (worn)
 y - a +2 helmet (worn)
Jewellery
 h - a ring of positive energy (right hand)
 x - a +6 ring of dexterity
 I - an amulet of regeneration (around neck)
 N - a ring of poison resistance (left hand)
Wands
 d - a wand of polymorph (16)
 C - a wand of acid (7)
 H - a wand of charming (4)
 M - a wand of digging (9)
Scrolls
 e - a scroll of magic mapping
 f - 2 scrolls of teleportation
 g - 2 scrolls of blinking
 i - 2 scrolls of fear
 l - 2 scrolls of fog
 o - 2 scrolls of vulnerability {!r}
 s - 2 scrolls of brand weapon
 u - a scroll of acquirement {unknown}
 w - a scroll of silence
 z - a scroll of poison {!r}
 D - a scroll of summoning
 G - 2 scrolls of enchant armour {unknown}
 K - a scroll of noise {unknown}
 L - a scroll of identify {@r1}
Potions
 j - 4 potions of heal wounds {@q2}
 k - 2 potions of flight {unknown}
 m - 5 potions of curing {unknown}
 n - 3 potions of mutation {unknown}
 q - 2 potions of attraction {!q}
 t - 2 potions of degeneration {unknown}
 v - a potion of experience {unknown}
 B - 3 potions of invisibility
 E - a potion of haste {unknown}
 F - 2 potions of berserk rage {unknown}


   Skills:
 - Level 10.0 Fighting
 + Level 13.3 Long Blades
 - Level 5.0 Armour
 + Level 11.1 Dodging
 - Level 3.0 Shields
 + Level 4.9 Evocations


You had 10 spell levels left.
You didn't know any spells.
Your spell library contained the following spells:

 Spells                   Type           Power      Damage    Failure   Level
 Shock                    Conj/Air       0%         1d3       86%         1
 Slow                     Hex            0%         N/A       86%         1
 Poisonous Vapours        Pois/Air       0%         N/A       94%         2
 Sublimation of Blood     Necr           0%         N/A       94%         2
 Wereblood                Tmut           0%         N/A       94%         2
 Confusing Touch          Hex            0%         N/A       99%         3
 Dazzling Flash           Conj/Hex       0%         N/A       99%         3
 Frozen Ramparts          Ice            0%         1d1       99%         3
 Mephitic Cloud           Conj/Pois/Air  0%         N/A       99%         3
 Swiftness                Air            0%         N/A       99%         3
 Vampiric Draining        Necr           0%         2d6       99%         3
 Airstrike                Air            0%         2d(0-16)  100%        4
 Ice Form                 Ice/Tmut       0%         N/A       100%        4
 Summon Ice Beast         Ice/Summ       0%         N/A       100%        4
 Agony                    Necr           0%         N/A       100%        5
 Freezing Cloud           Conj/Ice/Air   0%         6-21      100%        5
 Silence                  Hex/Air        0%         N/A       100%        5
 Summon Hydra             Summ           0%         N/A       100%        7


Dungeon Overview and Level Annotations

Branches:
Dungeon (9/15)             Temple (1/1) D:4            Lair (1/5) D:9
Volcano (1/1)
    Orc: D:9-12

Altars:
Ashenzari
Dithmenos
Elyvilon
Fedhas
Gozag
Kikubaaqudgha
Makhleb
Nemelex Xobeh
Okawaru
Qazlal
Ru
Sif Muna
Trog
Uskayaw
Vehumet
Wu Jian
Yredelemnul
Zin
The Shining One

Shops:
D:1 =

Annotations:
D:2 Jessica


Innate Abilities, Weirdness & Mutations

((You are very nimble when in or above water. (Stealth+, EV+, Speed+++)))
Your lower body shifts to a powerful aquatic tail in water.


Message History

The steam dragon breathes steam at you. The ball of steam hits you!!
You slice the steam dragon!! You drain the steam dragon.
The steam dragon is almost dead.
You are engulfed in a cloud of scalding steam.
The steam dragon bites you but does no damage.
The steam dragon misses you.
You hit the steam dragon.
You kill the steam dragon!
You now have 1831 gold pieces (gained 20).
You start resting.
HP restored. 2 sun demons come into view.
The sun demon shouts!
The sun demon completely misses you.
You closely miss the sun demon. The sun demon hits you!
You are engulfed in flames!!
You slash the sun demon!
The sun demon is lightly wounded.
The sun demon misses you. The sun demon hits you!
You are engulfed in flames!
You are too injured to fight recklessly!
You feel much better.
The sun demon hits you but does no damage.
Aiming: Corrosive Bolt
Press: ? - help, Shift-Dir - straight line, f - sun demon
Aim: a sun demon (lightly wounded, 67% to hit)
The bolt of acid hits the sun demon!
The acid corrodes the sun demon!
The sun demon is moderately wounded.
The sun demon barely misses you.
You slash the sun demon!
The sun demon is heavily wounded.
The sun demon hits you!!
You are engulfed in flames!!
* * * LOW HITPOINT WARNING * * *
You hit the sun demon.
The sun demon is heavily wounded.
The sun demon hits you!!
* * * LOW HITPOINT WARNING * * *
You are engulfed in flames!!
You die...
Your body crumbles into a pile of gold.

..8..3...## ######....#
##...## ##...# # #...##
######## #.#..#
.#.....## #####....#
...§....# ##..#33≈..##
........#####...@#.≈#..#
.......§.≈.#.§§.§§§.§§##
#.....§§.......§§§§§≈.§#
.######.........§§..#..#
...# ##......##.#...§.#
§§.# #.....#####..§§##
...## #≈....# #≈≈§#.#
§...## #≈..#≈## ###...##
§§§..###....§§## #§...#


You could see 2 sun demons.

Vanquished Creatures
  2 sun demons (Volcano)
  A wizard (D:9)
  A torpor snail (Lair:1)
  A rime drake (D:9)
  5 large abominations (D:9)
  A shadow (D:9)
  A wyvern (D:9)
  12 yaks
  5 steam dragons
  Eustachio (D:5)
  4 hell hounds (Volcano)
  5 water moccasins
  2 orc warriors
  2 sky beasts
  3 black bears
  An ogre (D:3)
  9 ice beasts
  3 centaurs
  2 wolves (D:9)
  A phantom (D:4)
  2 kobold brigands (D:7)
  5 bullfrogs
  A gnoll sergeant (D:5)
  A scorpion (D:5)
  7 small abominations (D:9)
  3 wights (D:9)
  An electric eel (Lair:1)
  3 jellies
  4 hounds
  A gnoll bouda (D:8)
  6 iguanas
  3 orc wizards
  Terence (D:3)
  20 gnolls
  5 adders
  4 shadow imps
  An ufetubus (D:6)
  3 worms (D:2)
  11 dart slugs
  25 orcs
  8 ball pythons
  10 bats
  8 endoplasms
  A giant cockroach (D:3)
  7 hobgoblins
  4 jackals (D:2)
  2 quokkas
  3 frilled lizards
  9 goblins
  18 kobolds
  12 rats
251 creatures vanquished.

Notes
Turn   | Place    | Note
-------+----------+-------------------------------------------
     0 | D:1      | Kenran the Merfolk Fighter began the quest for the Orb.
     0 | D:1      | Reached XP level 1. HP: 18/18 MP: 1/1
   271 | D:1      | Reached skill level 3 in Long Blades
   330 | D:1      | Reached XP level 2. HP: 19/24 MP: 2/2
   634 | D:1      | Reached skill level 4 in Long Blades
   634 | D:1      | Reached XP level 3. HP: 28/29 MP: 3/3
   827 | D:1      | Found Puguf's Jewellery Emporium.
  1513 | D:2      | Noticed Jessica
  1604 | D:2      | Reached skill level 1 in Dodging
  1604 | D:2      | Reached XP level 4. HP: 32/37 MP: 4/4
  1724 | D:2      | Found an ornate altar of the Wu Jian Council.
  2189 | D:3      | Reached skill level 5 in Long Blades
  2189 | D:3      | Reached XP level 5. HP: 37/42 MP: 5/5
  2254 | D:3      | Noticed Terence
  2260 | D:3      | Killed Terence
  2346 | D:3      | Found an iron altar of Okawaru.
  2401 | D:3      | Found a glowing golden altar of the Shining One.
  2407 | D:3      | Found a white marble altar of Elyvilon.
  2411 | D:3      | Found a blossoming altar of Fedhas.
  2414 | D:3      | Found a sacrificial altar of Ru.
  2418 | D:3      | Found an ancient bone altar of Kikubaaqudgha.
  2635 | D:3      | Noticed an ogre
  2672 | D:3      | Killed an ogre
  2673 | D:3      | Reached skill level 6 in Long Blades
  2673 | D:3      | Reached XP level 6. HP: 33/48 MP: 6/6
  3395 | D:4      | Reached skill level 5 in Fighting
  3395 | D:4      | Reached skill level 7 in Long Blades
  3395 | D:4      | Reached XP level 7. HP: 56/56 MP: 7/7
  3419 | D:4      | Found a staircase to the Ecumenical Temple.
  3431 | D:4      | Found a hide-covered altar of Uskayaw.
  3482 | Temple   | Entered the Ecumenical Temple
  3570 | Temple   | Became a worshipper of Gozag Ym Sagoz the Greedy
  3702 | D:4      | Reached skill level 8 in Long Blades
  3905 | D:5      | Entered Level 5 of the Dungeon
  4293 | D:5      | Found a sparkling altar of Nemelex Xobeh.
  4341 | D:5      | Reached XP level 8. HP: 62/64 MP: 8/8
  4623 | D:5      | Reached skill level 5 in Dodging
  4656 | D:5      | Reached skill level 9 in Long Blades
  4744 | D:5      | Noticed Eustachio
  4752 | D:5      | Killed Eustachio
  5473 | D:6      | Reached XP level 9. HP: 33/72 MP: 9/9
  5474 | D:6      | Reached skill level 10 in Long Blades
  5947 | D:7      | Found a glowing silver altar of Zin.
  5960 | D:7      | Reached skill level 11 in Long Blades
  6366 | D:7      | Found a shimmering blue altar of Sif Muna.
  6747 | D:8      | Identified the +0 sling of the Original Sin {antimagic, rN+
                  | Dex+4}
  6759 | D:8      | Reached skill level 12 in Long Blades
  6818 | D:8      | Identified the +7 long sword of Doasus {distort, Drain
                  | Dex+5}
  7335 | D:9      | Reached XP level 10. HP: 80/80 MP: 10/10
  7502 | D:9      | Reached skill level 5 in Armour
  7634 | D:9      | Found a staircase to the Lair.
  7832 | D:9      | Reached skill level 10 in Fighting
  7883 | D:9      | Found a shadowy altar of Dithmenos.
  8128 | D:9      | Reached skill level 1 in Evocations
  8388 | D:9      | Noticed a wizard
  8393 | D:9      | Killed a wizard
  8394 | D:9      | Reached XP level 11. HP: 85/90 MP: 11/11
  8663 | D:9      | Reached skill level 10 in Dodging
  8728 | D:9      | Identified the staff of air "Kinolahu" {rElec rPois MP+9
                  | Str-3}
  8812 | Lair:1   | Entered Level 1 of the Lair of Beasts
  9280 | Lair:1   | Identified the +6 scimitar "Ladu" {heavy, Int+3}
  9358 | Lair:1   | Found a dark tunnel.
  9363 | Volcano  | Entered a volcano
  9385 | Volcano  | Noticed a sun demon
  9404 | Volcano  | Killed a sun demon
  9405 | Volcano  | Reached skill level 13 in Long Blades
  9583 | Volcano  | Noticed a sun demon
  9600 | Volcano  | Killed a sun demon
  9714 | Volcano  | Noticed a sun demon
  9714 | Volcano  | Noticed a sun demon
  9730 | Volcano  | HP: 1/90 [sun demon (21)]
  9730 | Volcano  | Demolished by a sun demon

Illustrated notes

Levels and vault maps discovered:
D:1:      matt_arrival_diagonals, layout_basic, serial_shops, shop,
          serial_bayou_pond_a
D:2:      layout_basic, serial_rivers, chequers_serial_rivers_micro_a,
          chequers_serial_rivers_large_a, chequers_serial_rivers_micro_a,
          chequers_serial_rivers_small_b, basic_altar, kennysheep_donut,
          uniq_jessica
D:3:      kennysheep_slugbush, layout_basic,
          nicolae_overflow_hallway_of_the_gods, kennysheep_cross_room,
          uniq_terence
D:4:      layout_cave_pools, mainiacjoe_overflow_concentric_impassable,
          minmay_temple_entry_statues_fountains, serial_rivers,
          chequers_serial_rivers_small_a, chequers_serial_rivers_room_a,
          chequers_serial_rivers_small_a, chequers_serial_rivers_micro_a,
          chequers_serial_rivers_room_b, chequers_serial_rivers_room_b
D:5:      layout_layer_cave, nemelex_diamond_rough_becter, uniq_eustachio
D:6:      layout_rooms
D:7:      layout_loops_ring, mainiacjoe_overflow_catwalk,
          mainiacjoe_overflow_chevrons
D:8:      layout_loops_ring
D:9:      layout_stronghold, nicolae_dithmenos_through_a_glass_darkly,
          hellmonk_lair_entry_icy, laboratory
Temple:   hellmonk_temple_beads
Lair:1:   layout_layer_cave, special_room [special_room_bee], enter_volcano_4,
          fungi_pond_lemuel, minivault_24, small_statue_intersection
Volcano:  hellmonk_smoking_crater

Skill      XL: |  1  2  3  4  5  6  7  8  9 10 11 |
---------------+----------------------------------+-----
Long Blades    | 3 4 5 6 7 8 9 12 13 | 13.3
Fighting       | 4 5 7 8 10 | 10.0
Dodging        | 1 2 3 4 6 8 9 11 | 11.1
Armour         | 5 |  5.0
Evocations     | 2 4 |  4.9
Shields        | |  3.0

Action                     |  1- 3 |  4- 6 |  7- 9 | 10-12 || total
---------------------------+-------+-------+-------+-------++-------
  Melee: Long sword        |   192 |   121 |   204 |   223 ||   740
         Tailslap          |     2 |     7 |       |       ||     9
         Unarmed           |       |     1 |       |       ||     1
  Evoke: Wand              |       |       |       |     2 ||     2
    Use: Potion            |       |     1 |       |     3 ||     4
         Scroll            |       |       |    12 |     2 ||    14
   Stab: Distracted        |       |       |     2 |       ||     2
         Invisible         |       |       |       |     4 ||     4
 Armour: Scale mail        |    85 |    37 |    55 |    32 ||   209
  Dodge: Dodged            |   107 |    54 |    98 |    90 ||   349
  Block: Buckler           |    37 |    41 |    39 |    26 ||   143

Table legend: (Time is in decaauts)
 A = Elapsed time spent in this place.
 B = Non-inter-level travel time spent in this place.
 C = Inter-level travel time spent in this place.
 D = Time resting spent in this place.
 E = Time spent auto-exploring this place.
 F = Levels seen in this place.
 G = Mean time per level.
                   A        B        C        D        E       F      G
               +--------+--------+--------+--------+--------+-----+--------+
         Total |   9658 |   9250 |    408 |    670 |   5996 |  12 |  804.8 |
       Dungeon |   8603 |   8337 |    266 |    527 |   5788 |   9 |  955.9 |
        Temple |    154 |     89 |     65 |      0 |     78 |   1 |  154.0 |
          Lair |    546 |    469 |     77 |      0 |     89 |   1 |  546.0 |
       Volcano |    353 |    353 |      0 |    143 |     41 |   1 |  353.0 |
               +--------+--------+--------+--------+--------+-----+--------+

Top non-repeatable levels by time:
     D:9: 1574 daAuts
     D:5: 1179 daAuts
     D:1: 1096 daAuts
     D:2: 1090 daAuts
     D:3: 1015 daAuts
     D:7: 756 daAuts
     D:8: 682 daAuts
     D:6: 672 daAuts
  Lair:1: 546 daAuts
     D:4: 535 daAuts
 Volcano: 353 daAuts
  Temple: 154 daAuts
